 Dungeon Crawl Stone Soup version 0.27.1-34-g3ba077fa99 (webtiles) character file.

Game seed: 7995341179604575382

79233 ticklebelly the Severer (level 15, -14/152 HPs)
             Began as a Minotaur Berserker on Jan 7, 2022.
             Was a High Priest of Trog.
             Demolished by a titanic slime creature (64 damage)
             ... on level 13 of the Dungeon.
             The game lasted 00:53:05 (21961 turns).

ticklebelly the Severer (Minotaur Berserker)       Turns: 21961, Time: 00:53:05

Health: -14/152    AC: 25    Str: 26    XL:     15   Next: 20%
Magic:  14/14      EV: 14    Int:  4    God:    Trog [*****.]
Gold:   716        SH:  0    Dex: 12    Spells: 14/14 levels left

rFire    . . .     SeeInvis .   U - +2 executioner's axe (freeze)
rCold    . . .     Faith    +   (shield currently unavailable)
rNeg     . . .     Spirit   .   k - +0 plate armour
rPois    .         Reflect  .   (helmet restricted)
rElec    .         Harm     .   (no cloak)
rCorr    .         Rampage  .   v - +1 pair of gloves
Will     +....                  x - +1 pair of boots
Stlth    ..........             T - amulet of faith
HPRegen  0.35/turn              r - +4 ring of protection
MPRegen  0.14/turn              C - +4 ring of evasion

@: no status effects
A: horns 2, retaliatory headbutt
a: Renounce Religion, Berserk, Trog's Hand, Brothers in Arms


You were on level 13 of the Dungeon.
You worshipped Trog.
Trog was extremely pleased with you.
You visited 2 branches of the dungeon, and saw 19 of its levels.
You also visited: Gauntlet.

You collected 1338 gold pieces.
You spent 622 gold pieces at shops.

Inventory:

Hand Weapons
 f - a +0 war axe
 t - a +2 mace of holy wrath
 E - a +2 war axe of draining
 U - a +2 executioner's axe of freezing (weapon)
 Z - a +5 vorpal flail
Missiles
 d - 2 silver boomerangs
 p - 11 javelins (quivered)
 O - 8 boomerangs
Armour
 k - a +0 plate armour (worn)
 v - a +1 pair of gloves (worn)
 x - a +1 pair of boots (worn)
 y - a +3 scale mail
 P - a +0 buckler
Jewellery
 c - an amulet of regeneration
 j - a ring of protection from cold
 o - a ring of protection from fire
 q - a ring of protection from fire
 r - a +4 ring of protection (left hand)
 C - a +4 ring of evasion (right hand)
 K - an amulet of the acrobat
 T - an amulet of faith (around neck)
 X - the ring "Lumoeps" {rElec rC+ rCorr MP-9 Str-3}
   (You found it in a Gauntlet)

   [ring of protection from cold]

   Str:       It affects your strength (-3).
   rC:        It protects you from cold.
   rElec:     It insulates you from electricity.
   MP:        It affects your magic capacity (-9).
   rCorr:     It protects you from acid and corrosion.
 Y - an amulet of reflection
Wands
 u - a wand of paralysis (27)
 G - a wand of iceblast (14)
 H - a wand of acid (12)
 J - a wand of digging (12)
 L - a wand of flame (63)
 S - a wand of mindburst (23)
Scrolls
 b - 8 scrolls of teleportation
 e - 3 scrolls of identify
 h - 7 scrolls of enchant weapon
 i - 3 scrolls of fog
 m - a scroll of vulnerability {unknown}
 n - a scroll of holy word
 s - 3 scrolls of magic mapping
 w - a scroll of brand weapon
 B - 4 scrolls of enchant armour
 I - 2 scrolls of immolation
 N - a scroll of fear
 R - 2 scrolls of blinking
Potions
 a - a potion of brilliance
 g - 11 potions of curing
 l - a potion of flight
 z - 4 potions of heal wounds
 A - 3 potions of might
 D - 3 potions of lignification
 F - 2 potions of ambrosia
 M - a potion of haste
 W - 2 potions of magic
Miscellaneous
 Q - a phial of floods
 V - a lightning rod (4/4)


   Skills:
 + Level 19.0 Fighting
 + Level 19.0 Axes
 - Level 14.0 Armour
 - Level 7.1 Dodging


You had 14 spell levels left.
You didn't know any spells.
Your spell library was empty.

Dungeon Overview and Level Annotations

Branches:
Dungeon (13/15)            Temple (0/1) D:7            Lair (6/6) D:11
  Swamp (0/4) Lair:4        Snake (0/4) Lair:3        Slime (0/5) Lair:5
    Orc (0/2) D:11        Gauntlet (visited)
 Vaults: D:13-14

Altars:
Sif Muna
Wu Jian
Xom
Jiyva

Shops:
D:5 :=[?!

Portals:
Trove: D:10 (give +4 shadow dragon scales)


Innate Abilities, Weirdness & Mutations

You have a pair of horns on your head.
You reflexively headbutt those who attack you in melee.


Message History

The eight-headed hydra roars!
The slime creature closely misses you.
Two slime creatures merge to form a large slime creature.
You cut the slime creature into ribbons!!!
You freeze the slime creature. You headbutt the slime creature!
The slime creature is almost dead.
Two slime creatures merge to form a very large slime creature.
You slice the very large slime creature!!
You freeze the very large slime creature.
You headbutt the very large slime creature!
The very large slime creature is heavily wounded.
You hit the very large slime creature.
You freeze the very large slime creature.
You headbutt the very large slime creature!
The very large slime creature is severely wounded.
A large slime creature splits.
The very large slime creature hits you but does no damage.
You slash the very large slime creature!
You freeze the very large slime creature.
You headbutt the very large slime creature.
The very large slime creature is severely wounded.
Two slime creatures merge to form an enormous slime creature.
Two slime creatures merge to form a titanic slime creature.
You slice the titanic slime creature!! You freeze the titanic slime creature.
You headbutt the titanic slime creature!
The titanic slime creature is heavily wounded.
The titanic slime creature misses you. You furiously retaliate!
You headbutt the titanic slime creature.
You slash the titanic slime creature! You freeze the titanic slime creature.
The titanic slime creature is severely wounded.
The titanic slime creature hits you!
You barely miss the titanic slime creature.
The titanic slime creature is severely wounded.
The titanic slime creature hits you!!!!
Ouch! That really hurt!
You cut the titanic slime creature into ribbons!!!
You freeze the titanic slime creature.
The titanic slime creature is severely wounded.
The titanic slime creature hits you!!!
You die...

#.......................
#..................†....
#.......##############..
#...#...................
#.......................
##+####.......###'######
+.......#.. # #.......#
# #@#####.+ # #J# .# #
#D. # .... # ..... +
....... # ........ #
#.........


You could see an eight-headed hydra and a titanic slime creature.

Vanquished Creatures
  A balrug (Gauntlet)
  A minotaur (Gauntlet)
  The ghost of DemonSlayer the Cleaver, a journeyman DsBe of Trog (D:11)
  Snorg (Lair:4)
  Erolcha (D:11)
  6 hydras
  A catoblepas (Lair:6)
  2 boulder beetles
  3 two-headed ogres
  22 death yaks
  Urug (Lair:1)
  Nergalle (D:11)
  2 goliath frogs (Lair:6)
  An oklob plant (Lair:4)
  An ugly thing (D:12)
  10 elephants
  2 manticores (D:13)
  Maurice (D:9)
  4 black mambas
  An unseen horror (D:12)
  18 cane toads
  A gargoyle (D:10)
  3 rime drakes
  18 komodo dragons
  Psyche (D:9)
  11 slime creatures
  3 tyrant leeches (Lair:6)
  4 trolls
  A wolf spider simulacrum (Gauntlet)
  Grinder (D:4)
  23 blink frogs
  4 centaur simulacra
  3 shadows (D:11)
  58 yaks
  3 wraiths
  2 wyverns
  7 basilisks
  13 vampire mosquitoes
  Menkaure (D:7)
  4 swamp worms (Lair:4)
  A naga (Lair:3)
  13 water moccasins
  4 orc warriors
  An ice beast (D:7)
  A black bear (Lair:1)
  20 wolves
  5 centaurs
  3 ogres
  2 phantoms
  3 kobold brigands
  15 bullfrogs
  4 scorpions
  A water moccasin zombie (D:6)
  2 wyvern skeletons
  A hornet simulacrum (Gauntlet)
  4 killer bees (D:9)
  5 howler monkeys
  An electric eel (Lair:4)
  4 spectral centaurs
  A bullfrog zombie (D:6)
  4 centaur zombies
  2 hounds
  A jelly (D:6)
  3 gnoll shamans
  2 orc priests
  Crazy Yiuf (D:7)
  2 bullfrog skeletons
  2 centaur skeletons
  4 iguanas
  11 orc wizards
  A killer bee zombie (D:7)
  3 ogre zombies (D:11)
  10 gnolls
  A howler monkey skeleton (D:4)
  10 adders
  2 howler monkey simulacra (D:6)
  The ghost of comborobin the Sneak, a weakling HODe (D:6)
  2 dart slugs
  16 orcs
  12 ball pythons
  8 bats
  5 endoplasms
  7 goblins
  4 hobgoblins
  6 jackals (D:2)
  4 quokkas
  2 frilled lizards (D:2)
  3 goblin skeletons (D:11)
  2 goblin zombies (D:11)
  18 kobolds
  5 orc zombies (D:11)
  8 rats
495 creatures vanquished.

Vanquished Creatures (collateral kills)
  Josephine (D:11)
  A catoblepas (Lair:6)
  2 oklob plants (Lair:4)
  A minotaur zombie (Gauntlet)
  2 centaur simulacra (Gauntlet)
  2 shadows (D:11)
  3 wraiths (D:11)
  A harpy simulacrum (Gauntlet)
  3 ogre zombies (D:11)
  A goblin zombie (D:11)
  2 hobgoblin skeletons (D:11)
  A hobgoblin zombie (D:11)
  5 orc zombies (D:11)
25 creatures vanquished.

Vanquished Creatures (others)
  A gnoll (D:9)
  An orc (D:9)
  37 fungi
  109 plants
  2 withered plants (Gauntlet)
150 creatures vanquished.

Grand Total: 670 creatures vanquished

Notes
Turn   | Place    | Note
-------+----------+-------------------------------------------
     0 | D:1      | ticklebelly the Minotaur Berserker began the quest for the
                  | Orb.
     0 | D:1      | Reached XP level 1. HP: 19/19 MP: 0/0
   200 | D:1      | Reached XP level 2. HP: 27/27 MP: 1/1
   312 | D:1      | Found a faded altar of an unknown god.
   788 | D:2      | Reached XP level 3. HP: 34/34 MP: 2/2
   788 | D:2      | Reached ** piety under Trog
   815 | D:2      | Found a shimmering altar of Xom.
  1233 | D:3      | Reached skill level 5 in Fighting
  1233 | D:3      | Reached XP level 4. HP: 42/42 MP: 3/3
  1234 | D:3      | Reached skill level 5 in Axes
  1718 | D:4      | Noticed Grinder
  1718 | D:4      | Paralysed by Grinder for 2 turns
  1722 | D:4      | Paralysed by Grinder for 7 turns
  1734 | D:4      | Killed Grinder
  1735 | D:4      | Reached XP level 5. HP: 50/50 MP: 4/4
  1735 | D:4      | Reached XP level 6. HP: 57/57 MP: 5/5
  1849 | D:4      | Reached *** piety under Trog
  2630 | D:5      | Entered Level 5 of the Dungeon
  2661 | D:5      | Reached XP level 7. HP: 57/64 MP: 6/6
  2847 | D:5      | Found Egoem's Distillery.
  2868 | D:5      | Reached skill level 5 in Armour
  2932 | D:5      | Found Dosyv's Magic Scroll Shop.
  2938 | D:5      | Bought a scroll of magic mapping for 45 gold pieces
  2938 | D:5      | Bought a scroll of enchant weapon for 97 gold pieces
  2968 | D:5      | Found Zug Rerph's Antique Armour Emporium.
  3035 | D:5      | Found Zezy's Book Boutique.
  3207 | D:5      | Found Sixeoff's Jewellery Emporium.
  3505 | D:6      | Noticed a wraith
  3519 | D:6      | Killed a wraith
  3520 | D:6      | Reached XP level 8. HP: 48/74 MP: 7/7
  3998 | D:6      | Found a runed translucent gate.
  3998 | D:6      | Found a runed translucent gate.
  4001 | D:6      | Found a runed translucent gate.
  4007 | D:6      | Reached **** piety under Trog
  4014 | D:6      | Noticed comborobin's ghost (weakling HODe)
  4023 | D:6      | Killed comborobin's ghost
  4732 | D:7      | Noticed Menkaure
  4737 | D:7      | Killed Menkaure
  4738 | D:7      | Reached XP level 9. HP: 62/85 MP: 8/8
  4798 | D:7      | Reached skill level 10 in Fighting
  4798 | D:7      | Reached skill level 10 in Axes
  4935 | D:7      | Found a staircase to the Ecumenical Temple.
  5033 | D:7      | Identified the +7 mace of Esasejui {pain, rC+ rN+ Str+3
                  | Int+3}
  5041 | D:7      | Found a runed translucent door.
  5042 | D:7      | Noticed Crazy Yiuf
  5051 | D:7      | Killed Crazy Yiuf
  5625 | D:8      | Noticed a troll
  5634 | D:8      | Killed a troll
  6321 | D:9      | Noticed Psyche
  6339 | D:9      | Killed Psyche
  6559 | D:9      | Noticed Maurice
  6582 | D:9      | Killed Maurice
  6583 | D:9      | Reached XP level 10. HP: 95/95 MP: 9/9
  6615 | D:9      | Reached ***** piety under Trog
  6965 | D:10     | Entered Level 10 of the Dungeon
  7136 | D:10     | Noticed a two-headed ogre
  7141 | D:10     | Killed a two-headed ogre
  7142 | D:10     | Reached skill level 5 in Dodging
  7169 | D:10     | Found a portal to a secret trove of treasure.
  7195 | D:10     | Noticed a gargoyle
  7202 | D:10     | Killed a gargoyle
  7304 | D:10     | Received a gift from Trog
  7420 | D:10     | Found an ornate altar of the Wu Jian Council.
  7609 | D:11     | Found a staircase to the Lair.
  7611 | D:11     | Noticed Nergalle
  7622 | D:11     | Killed Nergalle
  7695 | D:11     | Found a runed translucent gate.
  7696 | D:11     | Found a runed translucent gate.
  7698 | D:11     | Found a runed translucent gate.
  7702 | D:11     | Noticed a spectral centaur warrior
  7704 | D:11     | Noticed DemonSlayer's ghost (journeyman DsBe)
  7704 | D:11     | Noticed a spectral centaur warrior
  7704 | D:11     | Noticed a spectral centaur warrior
  7714 | D:11     | Killed a spectral centaur warrior
  7714 | D:11     | Killed a spectral centaur warrior
  7715 | D:11     | Reached XP level 11. HP: 105/105 MP: 10/10
  7726 | D:11     | Killed DemonSlayer's ghost
  7839 | D:11     | Noticed a boulder beetle
  7860 | D:11     | Killed a boulder beetle
  8004 | D:11     | Found a shimmering blue altar of Sif Muna.
  8032 | D:11     | Noticed Erolcha
  8048 | D:11     | Killed Erolcha
  8154 | D:11     | Found a staircase to the Orcish Mines.
  8155 | D:11     | Noticed Josephine
  8168 | D:11     | HP: 4/93 [Josephine/ghostly fireball (32)]
  8171 | D:11     | Killed Josephine
  8466 | Lair:1   | Entered Level 1 of the Lair of Beasts
  8662 | Lair:1   | Noticed a seven-headed hydra
  8665 | Lair:1   | Noticed Urug
  8683 | Lair:1   | Killed a seven-headed hydra
  8684 | Lair:1   | Reached XP level 12. HP: 57/118 MP: 11/11
  8690 | Lair:1   | Killed Urug
  9112 | Lair:1   | Reached skill level 15 in Fighting
  9115 | Lair:1   | Reached skill level 15 in Axes
  9358 | D:5      | Bought an amulet of faith for 480 gold pieces
  9968 | Lair:2   | You fall into a shaft and drop 1 floor!
 10106 | Lair:2   | HP: 7/181 [komodo dragon (6)]
 10791 | Lair:2   | Received a gift from Trog
 10985 | Lair:2   | Identified the +1 ring mail of the Moon {*Corrode Str+7}
 11000 | Lair:2   | Reached skill level 10 in Armour
 11886 | Lair:3   | Found a staircase to the Snake Pit.
 12148 | Lair:3   | Noticed an eight-headed hydra
 12154 | Lair:3   | Killed an 11-headed hydra
 12692 | Lair:3   | Noticed a four-headed hydra
 12697 | Lair:3   | Killed a six-headed hydra
 12698 | Lair:3   | Reached XP level 13. HP: 106/128 MP: 12/12
 13632 | Lair:4   | Received a gift from Trog
 13937 | Lair:4   | Found a staircase to the Swamp.
 14752 | Lair:4   | Noticed Snorg
 14764 | Lair:4   | Killed Snorg
 15623 | Lair:5   | Found a staircase to the Slime Pits.
 15624 | Lair:5   | Found a viscous altar of Jiyva.
 16431 | Lair:6   | Entered Level 6 of the Lair of Beasts
 16642 | Lair:6   | Reached XP level 14. HP: 99/140 MP: 13/13
 17450 | Lair:6   | Received a gift from Trog
 19771 | D:12     | Found a gate leading to a gauntlet.
 19781 | Gauntlet | Entered a Gauntlet
 19781 | Gauntlet | Found a transporter.
 19781 | Gauntlet | Found a transporter.
 19781 | Gauntlet | Found a runed translucent door.
 19781 | Gauntlet | Found a runed translucent door.
 19812 | Gauntlet | Found a runed translucent gate.
 19813 | Gauntlet | Found a transporter.
 19813 | Gauntlet | Found a runed translucent gate.
 19818 | Gauntlet | Found a runed translucent gate.
 19825 | Gauntlet | Found a transporter.
 19842 | Gauntlet | Found a transporter.
 19842 | Gauntlet | Found a transporter.
 19842 | Gauntlet | Found a transporter.
 19844 | Gauntlet | Found a transporter.
 19844 | Gauntlet | Found a transporter.
 19857 | Gauntlet | Found a runed translucent door.
 19860 | Gauntlet | Found a transporter.
 19874 | Gauntlet | Found a transporter.
 19905 | Gauntlet | Noticed a balrug
 19906 | Gauntlet | Found a transporter.
 19911 | Gauntlet | Found a transporter.
 19949 | Gauntlet | Found a transporter.
 20218 | Gauntlet | Killed a balrug
 20666 | Gauntlet | Identified the ring "Lumoeps" {rElec rC+ rCorr MP-9 Str-3}
 20689 | Gauntlet | Reached XP level 15. HP: 149/149 MP: 14/14
 21961 | D:13     | Demolished by a titanic slime creature

Illustrated notes

Levels and vault maps discovered:
D:1:      minmay_arrival_up_and_down, layout_loops_ring,
          shapermc_ecumenical_altar_petra
D:2:      layout_rooms, basic_altar
D:3:      layout_loops_cross, minivault_24, minmay_hedge_maze
D:4:      layout_basic, uniq_grinder
D:5:      layout_gridville, serial_shops,
          nicolae_shop_competitors_out_of_business, shop, shop,
          nicolae_shop_behind_doors, shop_fountains, eino_curves_02
D:6:      layout_basic, gammafunk_ghost_necromancy, supply_closet_lemuel
D:7:      layout_basic, minmay_temple_entry_drinking_statues, uniq_menkaure,
          uniq_crazy_yiuf_cottage
D:8:      layout_loops_cross, minmay_statues_item
D:9:      layout_irregular_city, serial_glass, glass_columns_b, glass_columns_a,
          grunt_decor_one_mirror, minmay_misc_feat_enclosed, uniq_maurice,
          uniq_psyche
D:10:     layout_roguey, mainiacjoe_overflow_concentric_impassable,
          nicolae_trove_entry_crossroad, kennysheep_generic_room_11
D:11:     layout_roguey, lair_entry_dummy, zombieorc1_lemuel,
          gammafunk_ghost_necromancy, led_sif_book, uniq_erolcha, uniq_nergalle,
          uniq_josephine
D:12:     layout_gridville, gauntlet_entry_generic, drop_trap
D:13:     layout_stronghold, elves_outpost_lemuel
Lair:1:   layout_small_grid, uniq_urug
Lair:2:   layout_regular_city, minivault_24, minivault_24, beast_lair_carwin_6,
          serial_bayou_shore_a, lemuel_fruit_fields
Lair:3:   statuecave_lemuel, layout_hall_layers, guppyfry_snake_entry_island
Lair:4:   gammafunk_indiana_jones, layout_hall_layers,
          nicolae_swamp_entry_splash_gauntlet, cheibrodos_lair_reptile_den,
          minmay_lair_oklob_chamber, uniq_snorg
Lair:5:   layout_regular_city, slime_altar_1
Lair:6:   minmay_lair_end_frog_pond, layout_regular_city,
          chequers_serial_rivers_micro_d

Skill      XL: |  1  2  3  4  5  6  7  8  9 10 11 12 13 14 15 |
---------------+----------------------------------------------+-----
Fighting       | 4 5 6 7 9 11 12 14 15 17 18 19 | 19.0
Axes           | 4 6 7 9 11 12 14 15 17 18 19 | 19.0
Armour         | 4 6 7 9 10 11 13 14 | 14.0
Dodging        | 4 6 7 |  7.1

Action                   |  1- 3 |  4- 6 |  7- 9 | 10-12 | 13-15 || total
-------------------------+-------+-------+-------+-------+-------++-------
Melee: Hand axe          |    47 |    79 |   198 |       |       ||   324
       Headbutt          |     9 |     9 |    46 |   112 |   123 ||   299
       War axe           |    13 |       |    23 |   363 |       ||   399
       Mace              |       |       |       |    28 |       ||    28
       Executioner's axe |       |       |       |    59 |   496 ||   555
Throw: Javelin           |       |       |       |     3 |       ||     3
Invok: Berserk           |       |     1 |     2 |     4 |     5 ||    12
       Trog's Hand       |       |       |     1 |     1 |     2 ||     4
       Brothers in Arms  |       |       |       |     2 |     4 ||     6
  Use: Scroll            |       |       |       |    18 |     6 ||    24
 Stab: Distracted        |       |       |       |       |     1 ||     1
Armor: Leather armour    |     4 |       |       |       |       ||     4
       Ring mail         |    15 |     5 |       |       |       ||    20
       Chain mail        |       |    34 |    60 |       |       ||    94
       Plate armour      |       |       |    33 |   243 |   335 ||   611
       Scale mail        |       |       |     9 |       |       ||     9
Dodge: Dodged            |    54 |    33 |   120 |   263 |   321 ||   791
